 Dungeon Crawl Stone Soup version 0.21-a0-264-g3e31e41 (webtiles) character file.

237 Keter the Skirmisher (level 5, -1/46 HPs)
             Began as a Demonspawn Wanderer on Sept 9, 2017.
             Slain by a worker ant (2 damage)
             ... on level 4 of the Dungeon.
             The game lasted 00:05:33 (2754 turns).

Keter the Skirmisher (Demonspawn Wanderer)          Turns: 2754, Time: 00:05:33

Health: -1/46      AC:  7    Str: 21    XL:     5   Next: 77%
Magic:  5/5        EV: 11    Int: 11    God:
Gold:   91         SH:  0    Dex: 12    Spells: 4/4 levels left

rFire    . . .     SeeInvis .   a - +2 falchion
rCold    + . .     Gourm    .   (no shield)
rNeg     . . .     Faith    .   t - +0 ring mail
rPois    .         Spirit   .   p - +1 helmet
rElec    .         Reflect  .   (no cloak)
rCorr    .         Harm     .   (no gloves)
MR       .....                  (no boots)
Stlth    +.........             (no amulet)
HPRegen  0.15/turn              l - ring of protection from cold
MPRegen  0.09/turn              (no ring)

@: mighty, lethally poisoned (-1 -> -7)
A: talons 2
a: no special abilities


You were on level 4 of the Dungeon.
You were not hungry.

You visited 1 branch of the dungeon, and saw 4 of its levels.

You collected 91 gold pieces.

Inventory:

Hand Weapons
 a - a +2 falchion (weapon)
 d - a +0 dagger
 r - a +3 whip
Armour
 c - a +0 robe
 i - a +0 leather armour
 p - a +1 helmet (worn)
 t - a +0 ring mail (worn)
Jewellery
 l - a ring of protection from cold (left hand)
Scrolls
 e - a scroll of fog {unknown}
 h - 2 scrolls of identify {unknown}
 j - 2 scrolls of recharging {unknown}
 k - 4 scrolls of remove curse {unknown}
 q - a scroll of enchant armour {unknown}
 s - a scroll of teleportation {unknown}
Potions
 b - a potion of lignification
 g - 2 potions of flight {unknown}
 m - a potion of agility {unknown}
 n - a potion of brilliance {unknown}
 o - a potion of degeneration {unknown}
 u - 2 potions of might
 v - a potion of heal wounds {unknown}
Comestibles
 f - 5 bread rations
 w - a meat ration
 x - a chunk of flesh


   Skills:
 + Level 6.2 Fighting
 - Level 1.0 Long Blades
 - Level 1.0 Throwing
 + Level 2.1 Armour
 - Level 1.0 Dodging
 - Level 1.7 Stealth
   Level 1.0 Shields


You had 4 spell levels left.
You didn't know any spells.

Dungeon Overview and Level Annotations

Branches:
Dungeon (4/15)
 Temple: D:4-7

Altars:
Ashenzari
The Shining One


Innate Abilities, Weirdness & Mutations

You have razor-sharp toenails.


Message History

You feel sick.
Eat one of 2 chunks of flesh? (ye/n/q)
You eat one of the 2 chunks of flesh.
This raw flesh tastes terrible.
You start resting.
A worker ant comes into view.
You feel sick.
There is a stone staircase leading up here.
You closely miss the worker ant. Your kick misses the worker ant.
The worker ant bites you.
* * * LOW HITPOINT WARNING * * *
You are more poisoned.
The worker ant poisons you! The worker ant barely misses you.
You closely miss the worker ant. Your kick misses the worker ant.
You feel sick. The worker ant bites you!
* * * LOW HITPOINT WARNING * * *
It was a potion of might.
You feel very mighty all of a sudden.
* * * LOW HITPOINT WARNING * * *
You feel sick. The worker ant bites you.
You die...

$. ##. ... #.# #..
#.# #.## #.#
...###.######
######........$.##
.......@a.........
####...>..........
#..............
#..............
#.........<....
#..............
##............#
##..........##
############


You could see a worker ant.

Vanquished Creatures
  A howler monkey (D:4)
  Jessica (D:2)
  A worker ant (D:4)
  Robin (D:2)
  6 adders
  A worm (D:3)
  2 leopard geckos
  3 orcs (D:2)
  6 bats
  3 giant cockroaches
  14 goblins
  15 hobgoblins
  2 quokkas
  3 frilled lizards
  8 kobolds
  10 rats
77 creatures vanquished.

Notes
Turn   | Place    | Note
-------+----------+-------------------------------------------
     0 | D:1      | Keter the Demonspawn Wanderer began the quest for the Orb.
     0 | D:1      | Keter set off with: a +2 falchion, 2 potions of lignification, a +0 robe, a +0 dagger, a bread ration
     0 | D:1      | Reached XP level 1. HP: 18/18 MP: 1/1
   254 | D:1      | Gained mutation: You have sharp toenails. [demonic ancestry]
   254 | D:1      | Reached XP level 2. HP: 14/24 MP: 2/2
   742 | D:1      | Found a glowing golden altar of the Shining One.
   757 | D:1      | Reached skill level 4 in Fighting
  1077 | D:2      | Noticed Robin
  1087 | D:2      | Reached XP level 3. HP: 30/30 MP: 3/3
  1094 | D:2      | Killed Robin
  1374 | D:2      | Found a shattered altar of Ashenzari.
  1551 | D:2      | Gained mutation: You have razor-sharp toenails. [demonic ancestry]
  1551 | D:2      | Reached XP level 4. HP: 31/38 MP: 4/4
  1632 | D:2      | Reached skill level 5 in Fighting
  1686 | D:2      | Noticed Jessica
  1699 | D:2      | Killed Jessica
  1814 | D:2      | Reached XP level 5. HP: 38/46 MP: 5/5
  2736 | D:4      | Reached skill level 6 in Fighting
  2753 | D:4      | HP: 2/46 [worker ant (7)]
  2754 | D:4      | Slain by a worker ant

Vault maps used:
D:1:      saegor_arrival_simple_e, tso_metal_star
D:2:      evilmike_ruin_ashenzari, first_bread, minmay_misc_feat_rows,
          guppyfry_early_orc_mine, uniq_jessica, uniq_robin
D:3:      minivault_11
D:4:      marbit_many_paths, uniq_duvessa

Skill      XL: |  1  2  3  4  5 |
---------------+----------------+-----
Fighting       | 4 5 6 |  6.2
Armour         | 2 |  2.1
Long Blades    | |  1.0
Throwing       | |  1.0
Dodging        | |  1.0
Stealth        | |  1.7
Shields        | |  1.0

Action                   |  1- 3 |  4- 6 || total
-------------------------+-------+-------++-------
Melee: Falchion          |    73 |    95 ||   168
       Kick              |    17 |    22 ||    39
  Use: Potion            |     1 |     1 ||     2
 Stab: Sleeping          |     1 |     2 ||     3
  Eat: Chunk             |     1 |     5 ||     6
Armor: Skin              |     9 |       ||     9
       Robe              |     4 |       ||     4
       Leather armour    |     8 |    17 ||    25
       Ring mail         |       |    19 ||    19
Dodge: Dodged            |    48 |    41 ||    89
       Rpst.: Falchion   |    19 |    11 ||    30

Table legend:
 A = Spawn XP
 B = Non-spawn XP
 C = Spawn XP percentage of total XP
 D = Spawn monster count
 E = Non-spawn monster count
 F = Spawn count percentage of total count
 G = Total turns spent on level
                    A         B        C        D         E        F      G
               +---------+---------+-------+---------+---------+-------+---------
         Total |       0 |     339 |   0.0 |       0 |      77 |   0.0 |  2754
               +---------+---------+-------+---------+---------+-------+---------
           D:1 |       0 |      35 |   0.0 |       0 |      21 |   0.0 |  1262
           D:2 |       0 |     169 |   0.0 |       0 |      41 |   0.0 |   722
           D:3 |       0 |      50 |   0.0 |       0 |      13 |   0.0 |   746
           D:4 |       0 |      85 |   0.0 |       0 |       2 |   0.0 |    24
               +---------+---------+-------+---------+---------+-------+---------
